 Dungeon Crawl Stone Soup version 0.30-a0-371-gad7725a93e (webtiles) character file.

Game seed: 11280392393406539428

406 oldmanjim the Vexing (level 6, -1/47 HPs)
             Began as a Gnoll Hexslinger on Nov 20, 2022.
             Was an Initiate of Okawaru.
             Slain by an unseen horror (8 damage)
             ... on level 6 of the Dungeon.
             The game lasted 00:15:19 (4694 turns).

oldmanjim the Vexing (Gnoll Hexslinger)             Turns: 4694, Time: 00:15:19

Health: -1/47      AC:  3    Str: 10    XL:     6   Next: 87%
Magic:  11/11      EV: 14    Int: 12    God:    Okawaru [......]
Gold:   318        SH:  0    Dex: 14    Spells: 5/12 levels left

rFire   . . .      SeeInvis .    b - +2 dagger (venom)
rCold   . . .      Faith    .    (no shield)
rNeg    . . .      Spirit   .    c - +0 robe
rPois   .          Reflect  .    (no helmet)
rElec   .          Harm     .    (no cloak)
rCorr   .          Rampage  .    (no gloves)
Will    .....                    o - +0 pair of boots
Stlth   ++........               B - amulet of regeneration
HPRegen 1.07/turn                (no ring)
MPRegen 0.12/turn                (no ring)

@: no status effects
A: fangs 1, strong nose, distributed training
a: Renounce Religion


You were on level 6 of the Dungeon.
You worshipped Okawaru.
Okawaru was noncommittal.
You visited 2 branches of the dungeon, and saw 7 of its levels.

You collected 318 gold pieces.

Inventory:

Hand Weapons
 a - a +1 sling
 b - a +2 dagger of venom (weapon)
 x - a +0 dagger
Missiles
 g - a throwing net
 h - 91 stones
 p - 7 poisoned darts
 s - 12 javelins
 A - a boomerang
Armour
 c - a +0 robe (worn)
 i - a +0 leather armour
 o - a +0 pair of boots (worn)
Jewellery
 m - an amulet of magic regeneration
 B - an amulet of regeneration (around neck)
Wands
 n - a wand of mindburst (17)
Scrolls
 f - a scroll of vulnerability {unknown}
 l - a scroll of poison
 u - a scroll of immolation {unknown}
 v - a scroll of fear {unknown}
 w - a scroll of noise {unknown}
 y - a scroll of enchant armour {unknown}
 z - a scroll of torment {unknown}
 C - a scroll of butterflies {unknown}
 E - a scroll of teleportation {unknown}
 F - a scroll of blinking
Potions
 d - 4 potions of heal wounds
 e - 3 potions of brilliance
 j - a potion of lignification {unknown}
 k - a potion of mutation {unknown}
 q - 4 potions of curing
 r - a potion of magic {unknown}
 t - a potion of flight {unknown}
 D - a potion of attraction {unknown}


   Skills:
 + Level 3.4 Fighting
 + Level 2.2 Short Blades
 + Level 2.2 Long Blades
 + Level 2.2 Axes
 + Level 2.2 Maces & Flails
 + Level 2.2 Polearms
 + Level 2.2 Staves
 + Level 5.1 Ranged Weapons
 + Level 2.2 Throwing
 + Level 2.2 Armour
 + Level 5.1 Dodging
 + Level 2.2 Stealth
 + Level 2.2 Shields
 + Level 2.2 Unarmed Combat
 + Level 3.6 Spellcasting
 + Level 1.8 Conjurations
 + Level 5.7 Hexes
 + Level 1.8 Summonings
 + Level 1.8 Necromancy
 + Level 1.8 Translocations
 + Level 1.8 Transmutations
 + Level 1.8 Fire Magic
 + Level 1.8 Ice Magic
 + Level 1.8 Air Magic
 + Level 1.8 Earth Magic
 + Level 1.8 Poison Magic
 + Level 2.4 Invocations
 + Level 2.2 Evocations


You had 5 spell levels left.
You knew the following spells:

 Your Spells              Type           Power      Damage    Failure   Level
a - Slow                  Hex            64%        N/A       2%          1
b - Portal Projectile     Hex/Tloc       22%        N/A       14%         3
c - Inner Flame           Hex/Fire       11%        N/A       14%         3

Your spell library contained the following spells:

 Spells                   Type           Power      Damage    Failure   Level
 Cause Fear               Hex            8%         N/A       22%         4


Dungeon Overview and Level Annotations

Branches:
Dungeon (6/15)             Temple (1/1) D:5

Altars:
Cheibriados
Dithmenos
Elyvilon
Hepliaklqana
Makhleb
Okawaru
Qazlal
Ru
Sif Muna
Trog
Uskayaw
Vehumet
Zin
The Shining One

Annotations:
D:3 1 runed translucent door, Crazy Yiuf
D:6 Dowan


Innate Abilities, Weirdness & Mutations

You have very sharp teeth.
Your uncanny sense of smell can sniff out nearby items.
Your experience applies equally to all skills.


Message History

The sling bullet completely misses the shadow imp.
Casting: Slow (safe; 2% risk of failure)
Confirm with . or Enter, or press ? or * to list all spells.
Aiming: Slow (safe; 2% risk of failure)
Press: ? - help, Shift-Dir - straight line, f/p - shadow imp
Aim: a shadow imp (severely wounded, chance to affect: 58%)
The shadow imp seems to slow down.
You shoot a sling bullet. The sling bullet hits the shadow imp.
You kill the shadow imp!
Okawaru accepts your kill.
Magic restored.
You now have 318 gold pieces (gained 10).
q - 4 potions of curing (gained 1)
Something hits you.
Deactivating autopickup; reactivate with Ctrl-A.
Something hits you.
Your +2 dagger of venom begins to drip with poison!
b - a +2 dagger of venom (weapon)
Something hits you. Something barely misses you.
Something hits you but does no damage. x2
Something hits you. Something hits you!
You hit something but do no damage. Your punch misses something.
Something barely misses you. Something hits you. Something hits you!
Something hits you! Something completely misses you.
You hit something but do no damage. Something hits you.
You hit something but do no damage. Your punch misses something.
Something hits you!
* * * LOW HITPOINT WARNING * * *
Something barely misses you. Something hits you.
* * * LOW HITPOINT WARNING * * *
You closely miss something. Something completely misses you.
You hit something but do no damage. Something hits you.
* * * LOW HITPOINT WARNING * * *
Something hits you.
* * * LOW HITPOINT WARNING * * *
Something barely misses you. Something hits you!
You die...

###.# ..#.#### .......######
.............∆ ∆ .......#####
.......# .......# ##### #####
##### .......#
##...###...###...##
.......###.....#@###.#.....#
..........#...#...#...#...#...#
..........#####...#...##### ..#
#.........# #...#...# #
...##....#.. .#.###.#. ...
#...###...###. .###. .. #...#
### ... ## . #...# ... #...#
###


There were no monsters in sight!

Vanquished Creatures
  A scorpion (D:5)
  3 hounds
  A jelly (D:5)
  An orc priest (D:3)
  2 iguanas
  An orc wizard (D:5)
  2 adders
  A shadow imp (D:6)
  2 worms
  2 dart slugs
  11 orcs
  10 endoplasms
  3 giant cockroaches
  7 hobgoblins
  2 jackals (D:3)
  2 quokkas (D:4)
  6 ball pythons
  4 bats
  3 frilled lizards
  7 goblins
  6 kobolds
  7 rats
84 creatures vanquished.

Notes
Turn   | Place    | Note
-------+----------+-------------------------------------------
     0 | D:1      | oldmanjim the Gnoll Hexslinger began the quest for the Orb.
     0 | D:1      | Reached XP level 1. HP: 17/17 MP: 4/4
   186 | D:1      | Reached XP level 2. HP: 23/23 MP: 5/5
   652 | D:1      | Reached XP level 3. HP: 28/28 MP: 7/7
  1266 | D:2      | Reached skill level 1 in Invocations
  1428 | D:2      | Reached skill level 1 in Short Blades
  1428 | D:2      | Reached skill level 1 in Long Blades
  1428 | D:2      | Reached skill level 1 in Axes
  1428 | D:2      | Reached skill level 1 in Maces & Flails
  1428 | D:2      | Reached skill level 1 in Polearms
  1428 | D:2      | Reached skill level 1 in Staves
  1428 | D:2      | Reached skill level 1 in Throwing
  1428 | D:2      | Reached skill level 1 in Armour
  1428 | D:2      | Reached skill level 1 in Stealth
  1428 | D:2      | Reached skill level 1 in Shields
  1428 | D:2      | Reached skill level 1 in Unarmed Combat
  1428 | D:2      | Reached skill level 1 in Evocations
  1607 | D:2      | Learned a level 3 spell: Portal Projectile
  1611 | D:2      | Learned a level 3 spell: Inner Flame
  1651 | D:3      | Reached XP level 4. HP: 34/34 MP: 3/8
  1660 | D:3      | Reached skill level 1 in Conjurations
  1660 | D:3      | Reached skill level 1 in Summonings
  1660 | D:3      | Reached skill level 1 in Necromancy
  1660 | D:3      | Reached skill level 1 in Translocations
  1660 | D:3      | Reached skill level 1 in Transmutations
  1660 | D:3      | Reached skill level 1 in Fire Magic
  1660 | D:3      | Reached skill level 1 in Ice Magic
  1660 | D:3      | Reached skill level 1 in Air Magic
  1660 | D:3      | Reached skill level 1 in Earth Magic
  1660 | D:3      | Reached skill level 1 in Poison Magic
  1745 | D:3      | Found a snail-covered altar of Cheibriados.
  1921 | D:3      | Found a shimmering blue altar of Sif Muna.
  2137 | D:3      | Found a runed translucent door.
  2138 | D:3      | Noticed Crazy Yiuf
  2332 | D:4      | Reached XP level 5. HP: 35/40 MP: 9/9
  3414 | D:5      | Entered Level 5 of the Dungeon
  3481 | D:5      | HP: 1/41 [something (4)]
  3488 | D:5      | Found a burning altar of Makhleb.
  3654 | D:5      | Found a staircase to the Ecumenical Temple.
  3661 | Temple   | Entered the Ecumenical Temple
  3680 | Temple   | Became a worshipper of Warmaster Okawaru
  3713 | D:5      | Found a shadowy altar of Dithmenos.
  3723 | D:5      | Reached XP level 6. HP: 47/47 MP: 11/11
  3798 | D:5      | Reached skill level 5 in Ranged Weapons
  3798 | D:5      | Reached skill level 5 in Dodging
  3883 | D:5      | Found a stormy altar of Qazlal.
  4026 | D:5      | Found a sacrificial altar of Ru.
  4109 | D:5      | Found a glowing silver altar of Zin.
  4109 | D:5      | Found a glowing golden altar of the Shining One.
  4490 | D:6      | Noticed Dowan
  4694 | D:6      | Slain by an unseen horror

Illustrated notes

Levels and vault maps discovered:
D:1:      lightli_molten_gateway, layout_loops_corners
D:2:      layout_rooms
D:3:      layout_basic, pf_just_have_faith, mainiacjoe_overflow_alcove_1,
          kennysheep_generic_room_14, uniq_crazy_yiuf_cottage
D:4:      layout_basic, wad_orctagon
D:5:      layout_cave_pods, lemuel_tele_altar, nicolae_overflow_crystal_walls,
          mainiacjoe_overflow_brackets,
          chequers_temple_overflow_statue_of_worship, grunt_dithmenos_smoke,
          minmay_temple_entry_butterflies
D:6:      nicolae_cairo_tiling, layout_basic,
          nicolae_gozag_cash_rules_everything_around_me,
          mainiacjoe_overflow_paths, serial_corexii_hall,
          chequers_hall_statues_wall_a, corexii_hall_statues_i, minmay_between,
          uniq_maggie, uniq_duvessa, uniq_grinder
Temple:   hellmonk_temple_rainy

Skill      XL: |  1  2  3  4  5  6 |
---------------+-------------------+-----
Invocations    | 1 2 |  2.4
Short Blades   | 1 2 |  2.2
Long Blades    | 1 2 |  2.2
Axes           | 1 2 |  2.2
Maces & Flails | 1 2 |  2.2
Polearms       | 1 2 |  2.2
Staves         | 1 2 |  2.2
Throwing       | 1 2 |  2.2
Armour         | 1 2 |  2.2
Stealth        | 1 2 |  2.2
Shields        | 1 2 |  2.2
Unarmed Combat | 1 2 |  2.2
Evocations     | 1 2 |  2.2
Spellcasting   | 3 |  3.6
Conjurations   | 1 |  1.8
Summonings     | 1 |  1.8
Necromancy     | 1 |  1.8
Translocations | 1 |  1.8
Transmutations | 1 |  1.8
Fire Magic     | 1 |  1.8
Ice Magic      | 1 |  1.8
Air Magic      | 1 |  1.8
Earth Magic    | 1 |  1.8
Poison Magic   | 1 |  1.8
Fighting       | 3 |  3.4
Ranged Weapons | 5 |  5.1
Dodging        | 5 |  5.1
Hexes          | |  5.7

Action                   |  1- 3 |  4- 6 || total
-------------------------+-------+-------++-------
Melee: Dagger            |       |    45 ||    45
       Bite              |       |     4 ||     4
       Punch             |       |     1 ||     1
 Fire: Sling             |   112 |   142 ||   254
 Cast: Slow              |     3 |     2 ||     5
       Portal Projectile |     1 |     1 ||     2
  Use: Scroll            |       |     4 ||     4
Armor: Robe              |     2 |    11 ||    13
Dodge: Dodged            |    23 |    51 ||    74

Table legend: (Time is in decaauts)
 A = Elapsed time spent in this place.
 B = Non-inter-level travel time spent in this place.
 C = Inter-level travel time spent in this place.
 D = Time resting spent in this place.
 E = Time spent auto-exploring this place.
 F = Levels seen in this place.
 G = Mean time per level.
                   A        B        C        D        E       F      G
               +--------+--------+--------+--------+--------+-----+--------+
         Total |   4720 |   4486 |    234 |    163 |   3623 |   7 |  674.3 |
       Dungeon |   4690 |   4456 |    234 |    163 |   3613 |   6 |  781.7 |
        Temple |     29 |     29 |      0 |      0 |     10 |   1 |   29.0 |
               +--------+--------+--------+--------+--------+-----+--------+

Top non-repeatable levels by time:
     D:4: 1232 daAuts
     D:1: 1162 daAuts
     D:5: 917 daAuts
     D:3: 698 daAuts
     D:2: 477 daAuts
     D:6: 202 daAuts
  Temple: 29 daAuts
